Map: Frozen Temple

Players

Hartmann

  • Race: Protoss Protoss
  • League: Master

Kakashi - Winner!

  • Race: Zerg Zerg
  • League: Master

VOD

Have the link to the VOD?

Description

Time

  • Played on: May 10, 2016, 1:06 p.m.
  • Length: 8:58
Show
View Real Time Build Order
Export as new Build Order

Hartmann Protoss 

Build Orders: 1 Gate Expand, Phoenix Opening 

Get SALT Encoding   

  12  0:01  Probe (Chrono Boost)  
  13  0:11  Probe (Chrono Boost)  
  14  0:19  Pylon  
  14  0:22  Probe (Chrono Boost)  
  15  0:38  Probe (Chrono Boost)  
  15  0:39  Gateway  
  16  0:44  Assimilator  
  16  0:49  Probe (Chrono Boost)  
  17  0:59  Probe (Chrono Boost)  
  18  1:10  Probe (Chrono Boost)  
  19  1:20  Probe (Chrono Boost)  
  20  1:26  Nexus  
  20  1:38  Cybernetics Core  
  20  1:42  Probe (Chrono Boost)  
  21  1:48  Assimilator  
  21  1:53  Probe (Chrono Boost)  
  22  2:04  Probe (Chrono Boost)  
  23  2:20  Pylon  
  23  2:26  Warp Gate  
  23  2:38  Adept (Chrono Boost)  
  23  2:39  Probe (Chrono Boost), Stargate  
  23  2:41  Probe  
  27  2:50  Probe  
  27  2:57  Mothership Core  
  30  3:00  Probe  
  30  3:02  Adept (Chrono Boost)  
  33  3:11  Probe  
  33  3:13  Pylon  
  33  3:18  Probe  
  33  3:19  Phoenix (Chrono Boost)  
  35  3:23  Probe  
  35  3:25  Adept (Chrono Boost)  
  40  3:30  Probe  
  41  3:35  Probe  
  41  3:41  Phoenix  
  42  3:42  Probe  
  42  3:47  Probe  
  46  3:54  Probe  
  46  3:55  Adept (Chrono Boost)  
  49  3:59  Probe  
  50  4:04  Phoenix  
  50  4:06  Probe, Pylon  
  53  4:11  Probe  
  54  4:24  Probe (Chrono Boost)  
  54  4:25  Probe (Chrono Boost)  
  54  4:26  Phoenix  
  58  4:31  Adept  
  58  4:36  Probe (Chrono Boost)  
  62  4:38  Probe (Chrono Boost)  
  58  4:47  Probe (Chrono Boost), Gateway  
  58  4:50  Probe (Chrono Boost), Gateway  
  56  4:54  Twilight Council  
  56  4:55  Forge  
  56  4:56  Assimilator x2  
  56  4:58  Probe (Chrono Boost)  
  57  5:01  Pylon  
  57  5:02  Probe (Chrono Boost)  
  57  5:09  Probe (Chrono Boost), Sentry  
  61  5:15  Probe (Chrono Boost)  
  61  5:19  Probe (Chrono Boost)  
  61  5:21  Protoss Ground Weapons Level 1 (Chrono Boost)  
  62  5:25  Pylon  
  62  5:26  Probe (Chrono Boost), Pylon  
  63  5:30  Probe (Chrono Boost)  
  63  5:34  Resonating Glaives (Chrono Boost)  
  64  5:37  Probe  
  64  5:40  Phoenix  
  67  5:52  Adept x2  
  67  5:53  Adept  
  67  5:54  Probe x2  
  75  6:06  Probe, Nexus  
  75  6:07  Pylon  
  75  6:09  Pylon  
  77  6:11  Probe  
  77  6:13  Adept  
  77  6:14  Adept x2  
  77  6:18  Probe  
  84  6:20  Robotics Facility  
  84  6:23  Probe  
  85  6:30  Probe  
  84  6:34  Adept x3  
  84  6:35  Probe  
  84  6:38  Robotics Facility  
  91  6:42  Probe  
  92  6:47  Probe  
  93  6:54  Probe (Chrono Boost)  
  93  6:58  Gateway x2  
  93  6:59  Probe (Chrono Boost)  
  93  7:00  Gateway  
  95  7:08  Immortal (Chrono Boost)  
  99  7:10  Probe  
  99  7:11  Probe  
  101  7:19  Sentry x3  
  101  7:20  Pylon  
  101  7:21  Pylon  
  106  7:32  Gateway  
  106  7:33  Probe, Gateway  
  106  7:34  Probe  
  106  7:36  Probe  
  109  7:38  Assimilator x2  
  109  7:40  Immortal (Chrono Boost)  
  113  7:57  Templar Archives  
  113  8:00  Adept  
  113  8:01  Adept x5  
  121  8:17  Nexus  
  125  8:20  Immortal (Chrono Boost)  
  125  8:21  Pylon x2  
  129  8:33  Adept x2  
  97  8:49  Adept x2  
  97  8:50  Adept x4  
Show
View Real Time Build Order
Export as new Build Order

Kakashi Zerg - Winner!

Build Orders: 3 Hatch before Pool 

Get SALT Encoding   

  12  0:08  Drone  
  12  0:09  Drone  
  14  0:18  Overlord  
  14  0:29  Drone, Extractor  
  14  0:32  Extractor  
  14  0:33  Drone  
  16  0:41  Drone  
  17  0:52  Drone  
  18  1:00  Hatchery  
  18  1:03  Drone  
  18  1:14  Drone  
  19  1:27  Drone  
  19  1:28  Hatchery  
  19  1:39  Extractor  
  18  1:41  Spawning Pool  
  18  1:45  Drone  
  18  1:55  Drone  
  18  2:00  Drone  
  20  2:08  Drone  
  21  2:14  Drone  
  22  2:19  Drone  
  23  2:23  Overlord  
  23  2:28  Queen  
  23  2:29  Queen  
  27  2:33  Drone  
  28  2:40  Drone x2  
  30  2:44  Metabolic Boost  
  30  2:49  Drone x2  
  32  2:51  Zergling x2  
  32  2:55  Zergling x2  
  32  2:57  Zergling x2  
  35  3:02  Drone x2  
  37  3:08  Drone  
  37  3:11  Drone  
  39  3:13  Queen  
  39  3:16  Overlord  
  41  3:20  Zergling x2  
  41  3:24  Overlord x2  
  42  3:36  Drone x2  
  42  3:37  Zergling x2  
  42  3:38  Zergling x10  
  50  3:47  Zergling x8  
  53  3:51  Zergling x2  
  54  3:56  Zergling x4  
  54  4:01  Queen x2  
  59  4:18  Overlord x3  
  59  4:26  Spore Crawler  
  59  4:27  Extractor, Overlord x2  
  59  4:29  Extractor  
  56  4:38  Drone x5  
  61  4:42  Drone x2  
  61  4:43  Drone x3  
  63  4:49  Drone x4  
  63  4:50  Drone  
  63  4:51  Drone  
  69  4:55  Drone x3  
  71  5:03  Drone x3  
  71  5:06  Drone x2, Spore Crawler  
  75  5:08  Spore Crawler  
  74  5:15  Drone x2  
  74  5:16  Drone  
  74  5:18  Drone x3  
  79  5:31  Zergling x2  
  79  5:32  Pneumatized Carapace, Zergling x2  
  81  5:42  Extractor  
  80  5:43  Overlord  
  80  5:45  Lair, Overlord  
  80  5:48  Overlord x2  
  77  5:53  Overlord  
  76  6:02  Zergling x12  
  76  6:03  Overlord x3  
  82  6:09  Drone x5  
  77  6:37  Overlord  
  76  6:45  Hydralisk Den  
  76  6:46  Overseer  
  75  6:50  Zergling x26  
  88  6:56  Zergling x2  
  89  7:06  Zergling x4  
  89  7:07  Zergling x4  
  93  7:08  Zergling x2  
  93  7:09  Zergling x4  
  93  7:11  Zergling x2  
  93  7:12  Zergling x4  
  93  7:15  Muscular Augments  
  99  7:22  Hydralisk x2  
  99  7:23  Hydralisk x4  
  99  7:28  Hydralisk  
  113  7:30  Hydralisk  
  113  7:33  Hydralisk  
  117  7:39  Hydralisk x3  
  117  7:40  Hydralisk x4  
  131  7:47  Overlord x2  
  129  7:52  Hydralisk x4  
  137  8:07  Hydralisk x6  
  137  8:08  Hydralisk  
  137  8:09  Zergling x2  
  137  8:10  Zergling x2  
  153  8:21  Overlord x2  
  153  8:22  Overlord  
Tags
 
Add a new tag
Caveats
  • Supply blocks, unpowered buildings, or Contaminate may cause inaccurate times.
  • Supply counts are checked every 10 seconds.